 Dungeon Crawl Stone Soup version 0.24-a0-639-gb70a11d811 (webtiles) character file.

Game seed: 1102904104000639176, levelgen mode: deterministic

70635 Erlindor the Blocker (level 14, 0/116 HPs)
             Began as a Vampire Fighter on Sept 21, 2019.
             Was the Champion of Makhleb.
             Slain by a swamp worm (11 damage)
             ... on level 1 of the Swamp.
             The game lasted 01:40:03 (27807 turns).

Erlindor the Blocker (Vampire Fighter)             Turns: 27807, Time: 01:40:04

Health: 0/116      AC: 20    Str: 19    XL:     14   Next: 94%
Magic:  16/16      EV:  6    Int: 12    God:    Makhleb [******]
Gold:   2417       SH: 15    Dex: 15    Spells: 13/13 levels left

rFire    . . .     SeeInvis +   A - +2 scimitar (freeze)
rCold    + . .     Gourm    .   W - +0 shield (curse)
rNeg     . . .     Faith    .   T - +0 plate armour
rPois    .         Spirit   .   U - +2 helmet
rElec    .         Reflect  +   i - +0 cloak {+Inv}
rCorr    .         Harm     .   (no gloves)
MR       +....                  k - +0 pair of boots
Stlth    ..........             D - +2 amulet of reflection
HPRegen  0.49/turn              t - +2 ring of dexterity
MPRegen  0.15/turn              G - ring of protection from cold

@: regenerating quickly
A: no food, fangs 3, see invisible, unbreathing
a: Exsanguinate, Minor Destruction, Lesser Servant of Makhleb, Major
Destruction, Greater Servant of Makhleb, Renounce Religion, Evoke Invisibility


You were on level 1 of the Swamp.
You worshipped Makhleb.
Makhleb was exalted by your worship.
You were alive.

You visited 5 branches of the dungeon, and saw 21 of its levels.
You visited the Abyss 1 time.
You also visited: Ossuary.

You collected 2694 gold pieces.
You spent 277 gold pieces at shops.

Inventory:

Hand Weapons
 f - the +2 scimitar of Zuneucugg {freeze, rN+++ Str-4 Dex+5}
   (You found it on level 6 of the Lair of Beasts)

   It has been specially enchanted to freeze those struck by it, causing extra
   injury to most foes and up to half again as much damage against particularly
   susceptible opponents.
   It can also slow down cold-blooded creatures.
   It affects your strength (-4).
   It affects your dexterity (+5).
   It renders you almost immune to negative energy.
 o - a +2 vampiric falchion
 A - a +2 scimitar of freezing (weapon)
 S - a +1 falchion of flaming
Missiles
 u - 2 throwing nets
 J - 41 poisoned darts (quivered)
Armour
 i - a +0 cloak of invisibility (worn)
 k - a +0 pair of boots (worn)
 r - a scarf of repulsion
 s - the +3 robe of Valour {rF++ MR+ Int-2}
   (You found it on level 5 of the Dungeon)

   It affects your intelligence (-2).
   It greatly protects you from fire.
   It affects your resistance to hostile enchantments.
 T - a +0 plate armour (worn)
 U - a +2 helmet (worn)
 W - a cursed +0 shield (worn)
Magical Staves
 m - an uncursed staff of poison
Jewellery
 t - a +2 ring of dexterity (left hand)
 B - an uncursed ring of flight
 D - a +2 amulet of reflection (around neck)
 G - a ring of protection from cold (right hand)
Wands
 a - a wand of acid (10)
 b - a wand of flame (37)
 I - a wand of clouds (3)
 M - a wand of disintegration (15)
 N - a wand of paralysis (22)
Scrolls
 j - 5 scrolls of magic mapping
 l - 10 scrolls of remove curse
 n - 5 scrolls of enchant weapon
 p - 9 scrolls of teleportation
 x - 2 scrolls of amnesia
 y - 3 scrolls of immolation
 E - a scroll of random uselessness {unknown}
 K - 6 scrolls of enchant armour
 L - 2 scrolls of fog
 Q - a scroll of acquirement {unknown}
 V - 2 scrolls of blinking {unknown}
 X - a scroll of fear {unknown}
Potions
 d - 3 potions of might
 e - 3 potions of mutation
 g - 4 potions of agility
 h - 7 potions of curing
 v - 2 potions of cancellation
 w - 2 potions of brilliance
 z - 2 potions of flight
 C - 3 potions of haste
 F - 2 potions of berserk rage
 H - 2 potions of invisibility
 P - 2 potions of magic
 R - 3 potions of ambrosia
Miscellaneous
 c - a fan of gales (inert)
 O - a phial of floods


   Skills:
 + Level 12.7 Fighting
 - Level 13.0 Long Blades
 - Level 10.0 Armour
 + Level 13.9 Shields
 - Level 3.0 Invocations
 + Level 2.3 Evocations


You had 13 spell levels left.
You didn't know any spells.
Your spell library contained the following spells:

 Spells                   Type           Power        Failure   Level  Hunger
 Animate Skeleton         Necr           N/A          100%        1    N/A
 Confusing Touch          Hex            #.....       100%        1    N/A
 Flame Tongue             Conj/Fire      #....        100%        1    N/A
 Magic Dart               Conj           #...         100%        1    N/A
 Pain                     Necr           #...         100%        1    N/A
 Searing Ray              Conj           #.....       100%        2    N/A
 Throw Flame              Conj/Fire      #.....       100%        2    N/A
 Confuse                  Hex            #.......     100%        3    N/A
 Conjure Flame            Conj/Fire      #.......     100%        3    N/A
 Dazzling Spray           Conj/Hex       #.....       100%        3    N/A
 Gell's Gravitas          Tloc           #.........   100%        3    N/A
 Inner Flame              Hex/Fire       #.......     100%        3    N/A
 Regeneration             Chrm/Necr      #.........   100%        3    N/A
 Vampiric Draining        Necr           #.........   100%        3    N/A
 Animate Dead             Necr           N/A          100%        4    N/A
 Force Lance              Conj/Tloc      #.......     100%        4    N/A
 Fulminant Prism          Conj/Hex       #.........   100%        4    N/A
 Iskenderun's Mystic Bla  Conj           #.......     100%        4    N/A
 Petrify                  Tmut/Erth      #.......     100%        4    N/A
 Sticky Flame             Conj/Fire      #.......     100%        4    N/A
 Fireball                 Conj/Fire      #.........   100%        5    N/A
 Metabolic Englaciation   Hex/Ice        #.........   100%        5    N/A
 Yara's Violent Unravell  Hex/Tmut       #.........   100%        5    N/A

Dungeon Overview and Level Annotations

Branches:
Dungeon (11/15)            Temple (1/1) D:7            Lair (6/6) D:8
  Swamp (1/4) Lair:2        Snake (0/4) Lair:4        Slime (0/5) Lair:6
    Orc (2/2) D:11            Elf (0/3) Orc:2       Ossuary (visited)

Altars:
Ashenzari
Cheibriados
Dithmenos
Elyvilon
Fedhas
Gozag
Hepliaklqana
Kikubaaqudgha
Makhleb
Nemelex Xobeh
Okawaru
Qazlal
Ru
Sif Muna
Trog
Uskayaw
Vehumet
Wu Jian
Xom
Yredelemnul
Zin
The Shining One
Beogh
Jiyva

Shops:
Orc:2 =[:(

Annotations:
D:4 Prince Ribbit
Lair:5 exclusion: 2 oklob plants


Innate Abilities, Weirdness & Mutations

You do not eat.
Your natural rate of healing is unusually fast.
You have razor-sharp teeth.
You have supernaturally acute eyesight. (SInv)
You can survive without breathing.


Message History

Wield which item (- for none, * to show all)? (? for menu, Esc to quit)
Your +1 falchion of flaming stops flaming.
Your +2 scimitar of freezing glows with a cold blue light!
A - a +2 scimitar of freezing (weapon)
You block the slime creature's attack. The swamp worm bites you!
* * * LOW HITPOINT WARNING * * *
You block the slime creature's attack.
You miss the swamp worm. You block the swamp worm's attack.
The slime creature hits you but does no damage.
You hit the swamp worm. You freeze the swamp worm.
The swamp worm is lightly wounded.
You block the slime creature's attack. You block the swamp worm's attack.
You slice the swamp worm!! You freeze the swamp worm!
The swamp worm is almost dead.
You block the slime creature's attack. The slime creature hits you!
* * * LOW HITPOINT WARNING * * *
Your plate armour prevents you from hitting the swamp worm.
The swamp worm is almost dead.
The swamp worm bites you!
You die...

♣♣.≈...≈.≈.....♣
♣♣♣♣♣≈.≈≈.>.≈≈...♣♣♣
.$≈♣≈≈.≈≈.........♣
≈.§≈.......≈....≈♣.≈
≈......§≈≈..≈♣♣≈≈♣≈≈.
..≈≈≈...≈≈.≈♣♣ ≈♣♣ .♣
..≈≈≈...§≈.♣♣ ≈.
§.≈≈≈≈wJ.§≈♣ .♣
≈≈..≈≈J@.♣♣♣
≈..♣.≈≈..♣
≈..≈♣.≈...♣ ≈≈[
♣♣.≈..≈≈ ≈≈ ♣.≈.≈..♣
≈ ♣..♣♣≈♣♣ ♣♣♣♣ ♣♣


You could see 2 slime creatures and a swamp worm.

Vanquished Creatures
  Rupert (Lair:6)
  A tentacled starspawn (Abyss:2)
  An orc warlord (Orc:2)
  A cacodemon (Abyss:2)
  A fire dragon (Lair:6)
  2 centaur warriors (Orc:2)
  10 hydras
  A catoblepas (Lair:4)
  3 two-headed ogres
  8 death yaks
  2 thrashing horrors (Abyss:2)
  A flayed ghost (Abyss:2)
  A lindwurm (Lair:6)
  An anaconda skeleton (Abyss:2)
  2 orc knights (Orc:2)
  2 ugly things
  2 orc sorcerers
  6 slime creatures (Swamp:1)
  An elephant (D:8)
  10 black mambas
  A gargoyle (D:11)
  13 spiny frogs
  An orange demon (Abyss:2)
  2 molten gargoyles (Lair:6)
  5 komodo dragons
  3 trolls
  A queen bee (D:10)
  5 polar bears
  A tyrant leech (Swamp:1)
  16 blink frogs
  A large abomination (Abyss:2)
  9 hippogriffs
  4 flying skulls (Abyss:2)
  A shadow (Abyss:2)
  A ynoxinul (Abyss:2)
  A wraith (D:11)
  6 basilisks
  28 yaks
  4 wyverns
  A hungry ghost (D:7)
  2 wargs (Orc:2)
  2 swamp worms
  3 hell hounds (Lair:6)
  4 nagas (Lair:4)
  19 water moccasins
  14 porcupines
  A hornet zombie (D:11)
  5 ice beasts
  34 orc warriors
  2 black bears
  11 ogres
  4 phantoms
  3 sky beasts
  6 small abominations (Abyss:2)
  10 wolves
  7 centaurs
  10 crocodiles
  2 big kobolds
  11 bullfrogs
  A wyvern skeleton (D:7)
  11 scorpions
  17 killer bees (D:10)
  A water moccasin skeleton (D:7)
  10 wights
  A howler monkey (D:8)
  2 electric eels
  3 crimson imps
  4 lava snakes (Lair:6)
  5 centaur zombies
  2 quasits (Abyss:2)
  3 bullfrog zombies
  7 hounds
  4 human zombies (Ossuary)
  6 jellies
  16 orc priests
  2 bullfrog skeletons
  A centaur skeleton (D:6)
  An iron imp (Abyss:2)
  Ijyb (D:5)
  Terence (D:3)
  3 iguanas
  17 orc wizards
  5 worker ants
  3 big kobold zombies (Ossuary)
  2 hound zombies
  2 hound skeletons
  3 mummies (Ossuary)
  10 gnolls
  15 adders
  6 scorpion zombies (Ossuary)
  A shadow imp (D:6)
  2 oozes
  3 adder skeletons
  An adder zombie (D:6)
  2 dart slugs
  6 leopard geckos
  102 orcs
  5 giant cockroaches
  A gnoll zombie (Ossuary)
  9 goblins
  9 hobgoblins
  19 jackals
  4 quokkas
  16 bats
  8 frilled lizards
  A goblin zombie (Ossuary)
  2 jackal skeletons
  18 kobolds
  A kobold zombie (Ossuary)
  3 orc zombies (Ossuary)
  10 rats
  A plant (Lair:6)
700 creatures vanquished.

Vanquished Creatures (collateral kills)
  A hornet (D:9)
  A flying skull (Abyss:2)
  4 small abominations (Abyss:2)
  3 large abominations (Abyss:2)
  A worker ant (D:9)
10 creatures vanquished.

Vanquished Creatures (others)
  A molten gargoyle (Lair:6)
  2 scorpions (Ossuary)
  A kobold zombie (Ossuary)
  6 fungi
  6 plants
  2 starspawn tentacles (Abyss:2)
18 creatures vanquished.

Grand Total: 728 creatures vanquished

Notes
Turn   | Place    | Note
-------+----------+-------------------------------------------
     0 | D:1      | Erlindor the Vampire Fighter began the quest for the Orb.
     0 | D:1      | Reached XP level 1. HP: 17/17 MP: 1/1
   145 | D:1      | Reached XP level 2. HP: 24/24 MP: 2/2
   496 | D:1      | Reached XP level 3. HP: 29/29 MP: 3/3
  1408 | D:3      | Reached XP level 4. HP: 29/33 MP: 4/4
  2302 | D:2      | Reached XP level 5. HP: 37/38 MP: 5/5
  2634 | D:3      | Noticed Terence
  2652 | D:3      | Killed Terence
  3366 | D:4      | Reached XP level 6. HP: 50/50 MP: 6/6
  3420 | D:4      | Reached XP level 7. HP: 64/64 MP: 7/7
  3836 | D:4      | Reached skill level 10 in Long Blades
  4267 | D:5      | Entered Level 5 of the Dungeon
  4301 | D:5      | Reached XP level 8. HP: 62/72 MP: 8/8
  4364 | D:5      | Got a thick robe
  4376 | D:5      | Identified the +3 robe of Valour {rF++ MR+ Int-2} (You
                  | found it on level 5 of the Dungeon)
  4416 | D:5      | Noticed Ijyb
  4440 | D:5      | Killed Ijyb
  4630 | D:5      | Noticed Prince Ribbit
  5505 | D:6      | Found a sand-covered staircase.
  5509 | Ossuary  | Entered an ossuary
  6017 | Ossuary  | Reached XP level 9. HP: 78/78 MP: 9/9
  6708 | D:6      | Reached skill level 10 in Fighting
  7032 | D:7      | Found a staircase to the Ecumenical Temple.
  7079 | Temple   | Entered the Ecumenical Temple
  7203 | Temple   | Became a worshipper of Makhleb the Destroyer
  7511 | D:7      | Reached skill level 5 in Shields
  8223 | D:8      | Found a shadowy altar of Dithmenos.
  8445 | D:8      | Noticed an elephant
  8476 | D:8      | Reached * piety under Makhleb
  8476 | D:8      | Reached XP level 10. HP: 81/85 MP: 10/10
  8540 | D:8      | Noticed a red ugly thing
  8561 | D:8      | Killed a red ugly thing
  9092 | D:8      | Reached ** piety under Makhleb
  9226 | D:8      | Found a staircase to the Lair.
  9437 | D:8      | Killed an elephant
  9649 | D:8      | Found a shimmering blue altar of Sif Muna.
  9734 | D:8      | Noticed a two-headed ogre
  9770 | D:8      | Killed a two-headed ogre
 10400 | D:9      | Paralysed by a hornet for 1 turns
 10418 | D:10     | Entered Level 10 of the Dungeon
 10961 | D:9      | Reached XP level 11. HP: 82/90 MP: 11/11
 11538 | D:10     | Noticed a two-headed ogre
 11619 | Lair:1   | Entered Level 1 of the Lair of Beasts
 11619 | Lair:1   | Noticed a seven-headed hydra
 11710 | D:9      | Reached *** piety under Makhleb
 11862 | D:10     | Found a shimmering altar of Xom.
 12847 | D:10     | Noticed a cyan ugly thing
 13250 | D:11     | Reached **** piety under Makhleb
 13320 | D:11     | Found a staircase to the Orcish Mines.
 13616 | D:11     | Reached skill level 5 in Armour
 14293 | D:11     | Reached ***** piety under Makhleb
 14488 | D:8      | Killed a one-headed hydra
 15689 | Lair:2   | Found a staircase to the Swamp.
 15712 | Lair:2   | Reached XP level 12. HP: 85/97 MP: 12/12
 15904 | Lair:2   | Noticed an eight-headed hydra
 15922 | Lair:2   | Killed a one-headed hydra
 15951 | Lair:2   | Noticed a death yak
 15951 | Lair:2   | Noticed a death yak
 15982 | Lair:2   | Killed a death yak
 16003 | Lair:2   | Noticed a death yak
 16018 | Lair:2   | Noticed a death yak
 16602 | Lair:2   | Killed a death yak
 16613 | Lair:2   | Killed a death yak
 16622 | Lair:2   | Killed a death yak
 16622 | Lair:2   | Reached skill level 10 in Shields
 17967 | Lair:4   | Noticed a seven-headed hydra
 17989 | Lair:4   | Killed a one-headed hydra
 17989 | Lair:4   | Reached XP level 13. HP: 73/103 MP: 13/13
 18631 | Lair:4   | Found a staircase to the Snake Pit.
 20116 | Lair:5   | Reached skill level 10 in Armour
 20689 | Lair:6   | Entered Level 6 of the Lair of Beasts
 20689 | Lair:6   | Found a shimmering altar of Xom.
 21006 | Lair:6   | Got an iridescent scimitar
 21013 | Lair:6   | Identified the +2 scimitar of Zuneucugg {freeze, rN+++
                  | Str-4 Dex+5} (You found it on level 6 of the Lair of
                  | Beasts)
 21465 | Lair:6   | Noticed Rupert
 21954 | Lair:6   | Noticed a green death
 22346 | Lair:6   | Killed Rupert
 22390 | Lair:6   | Reached XP level 14. HP: 39/113 MP: 14/14
 22976 | Lair:6   | Found a viscous altar of Jiyva.
 22977 | Lair:6   | Found a staircase to the Slime Pits.
 23380 | Lair:6   | Found a large runed translucent door.
 23381 | Lair:6   | Found a large runed translucent door.
 24687 | Orc:1    | Entered Level 1 of the Orcish Mines
 25029 | Orc:2    | Entered Level 2 of the Orcish Mines
 25030 | Orc:2    | Found a staircase to the Elven Halls.
 25204 | Orc:2    | Found a roughly hewn altar of Beogh.
 25269 | Orc:1    | Noticed an orc warlord
 25613 | Orc:2    | Cast into level 2 of the Abyss (orc warrior)
 25762 | Abyss:2  | Noticed a daeva
 25775 | Abyss:2  | Noticed a starcursed mass
 25776 | Abyss:2  | HP: 2/92 [spatial maelstrom (4)]
 25822 | Abyss:2  | Reached ****** piety under Makhleb
 26043 | Abyss:2  | Got a spiked leather armour
 26044 | Abyss:2  | Identified the +4 leather armour "Leewep" {rC+ Str-5 Dex+3
                  | Stlth+} (You found it on level 2 of the Abyss)
 26061 | Abyss:2  | Noticed a cacodemon
 26083 | Abyss:2  | Killed a cacodemon
 26083 | Abyss:2  | Reached skill level 1 in Invocations
 26172 | Abyss:2  | Noticed a tentacled starspawn
 26181 | Abyss:2  | Killed a tentacled starspawn
 26263 | Orc:2    | Escaped the Abyss
 26502 | Orc:2    | Found Faqom's Book Shop.
 26502 | Orc:2    | Found Xuekkim's Antique Armour Emporium.
 26504 | Orc:2    | Found Teuriudo's Jewellery Shoppe.
 26506 | Orc:2    | Found Mucarowa's Antique Weapon Boutique.
 26511 | Orc:2    | Bought a glowing cloak for 157 gold pieces
 26513 | Orc:2    | Bought a +2 amulet of reflection for 120 gold pieces
 26882 | Orc:2    | Killed an orc warlord
 26882 | Orc:2    | Reached skill level 1 in Evocations
 27541 | Swamp:1  | Entered Level 1 of the Swamp
 27807 | Swamp:1  | Slain by a swamp worm

Levels and vault maps discovered:
D:1:      dpeg_arrival_subterranean_lakeside_camping, layout_basic,
          chequers_arboretum
D:2:      layout_loops_ring, feat_on_display
D:3:      layout_loops_ring, bh_walls_and_bars, uniq_terence
D:4:      minmay_octagon_keep, layout_cave_pods, first_ration, roderic_batcave
D:5:      layout_basic, uniq_ijyb, uniq_prince_ribbit1
D:6:      layout_rooms, lightli_ossuary_entry_decrepit_ruins
D:7:      black_bear_nest_2, layout_basic, minmay_temple_entry_statues_pillars,
          grunt_ogre_cave
D:8:      layout_basic, kennysheep_mini_moat, david_lair_generic, basic_altar,
          minmay_bent
D:9:      layout_loops_cross
D:10:     layout_gridville, basic_altar, minivault_7
D:11:     layout_basic, hiddenorc2_lemuel
Temple:   grunt_wide_crystal_templ
Lair:1:   layout_small_grid
Lair:2:   layout_misc_corridors, swamp_mist, grunt_megastairs_4,
          lemuel_fruit_tree, serial_bayou_shore_b, serial_bayou_shore_a
Lair:3:   layout_regular_city
Lair:4:   layout_gridlike, minmay_snake_entry_guardpost_small, minmay_holes,
          cheibrodos_lair_lostbears
Lair:5:   layout_layer_cave, infiniplex_staircase_pool,
          minmay_lair_oklob_chamber
Lair:6:   cheibrodos_lair_end_hotspot, layout_hall_layers,
          dpeg_slime_entry_enclosed_altar, basic_altar, uniq_rupert
Swamp:1:  layout_basic_swamp, hangedman_swamp_lotus
Orc:1:    layout_caves
Orc:2:    st_orc_rangers, layout_diamond_mine, basic_altar

Skill      XL: |  1  2  3  4  5  6  7  8  9 10 11 12 13 14 |
---------------+-------------------------------------------+-----
Fighting       | 3 4 9 10 11 12 | 12.7
Long Blades    | 3 4 9 10 11 12 13 | 13.0
Shields        | 3 4 5 6 8 11 12 13 | 13.9
Armour         | 3 6 9 10 | 10.0
Invocations    | 3 |  3.0
Evocations     | 2 |  2.3

Action                   |  1- 3 |  4- 6 |  7- 9 | 10-12 | 13-15 || total
-------------------------+-------+-------+-------+-------+-------++-------
Melee: Long sword        |   148 |   147 |       |       |       ||   295
       Bite              |    12 |    16 |   105 |   171 |   202 ||   506
       Falchion          |       |    61 |   739 |   350 |   232 ||  1382
       Scimitar          |       |       |       |   728 |  1110 ||  1838
Throw: Throwing net      |       |       |     1 |       |       ||     1
       Dart              |       |       |       |    30 |       ||    30
Invok: Minor Destruction |       |       |       |     2 |       ||     2
       Greater Servant o |       |       |       |       |     3 ||     3
       Lesser Servant of |       |       |       |       |    10 ||    10
 Abil: Exsanguinate      |     1 |       |       |     1 |     2 ||     4
       Revivify          |     1 |       |       |     1 |     2 ||     4
       Evoke Flight      |       |       |     1 |       |       ||     1
Evoke: Wand              |       |       |       |    12 |    13 ||    25
       Phial of floods   |       |       |       |     1 |     2 ||     3
       Fan of gales      |       |       |       |       |     1 ||     1
  Use: Scroll            |     6 |     4 |     8 |     7 |     8 ||    33
       Potion            |       |     1 |     4 |     3 |     7 ||    15
 Stab: Sleeping          |       |       |     2 |     3 |       ||     5
       Distracted        |       |       |       |     1 |     3 ||     4
Armor: Scale mail        |    70 |    92 |    39 |       |       ||   201
       Robe              |       |       |   103 |    86 |       ||   189
       Plate armour      |       |       |       |   133 |   513 ||   646
       Skin              |       |       |       |       |    13 ||    13
Dodge: Dodged            |    42 |    61 |   182 |   212 |   199 ||   696
       Deflected         |       |       |     2 |     5 |    16 ||    23
Block: Shield            |    76 |    89 |   228 |   433 |   765 ||  1591
       Reflection        |       |       |       |       |     1 ||     1
       Rpst.: Long sword |    16 |    12 |       |       |       ||    28
       Falchion          |       |     6 |    56 |    24 |    11 ||    97
       Scimitar          |       |       |       |    40 |    31 ||    71

Table legend:
 A = Non-vault XP
 B = Vault XP
 C = Vault XP percentage of total XP
 D = Non-vault monster count
 E = Vault monster count
 F = Vault count percentage of total count
                 A         B        C        D         E       F
            +---------+---------+-------+---------+---------+-------
      Total |   76898 |   23600 |  23.5 |     526 |     185 |  26.0
            +---------+---------+-------+---------+---------+-------
        D:1 |      48 |       9 |  15.8 |      29 |       6 |  17.1
        D:2 |      88 |       0 |   0.0 |      23 |       0 |   0.0
        D:3 |     171 |      49 |  22.3 |      27 |       2 |   6.9
        D:4 |     134 |     418 |  75.7 |      11 |      16 |  59.3
        D:5 |     756 |      36 |   4.5 |      27 |       1 |   3.6
        D:6 |     450 |       0 |   0.0 |      11 |       0 |   0.0
        D:7 |    1709 |     244 |  12.5 |      37 |       2 |   5.1
        D:8 |    3011 |    1830 |  37.8 |      37 |       9 |  19.6
        D:9 |    2274 |       0 |   0.0 |      32 |       0 |   0.0
       D:10 |    1391 |    1368 |  49.6 |      30 |      18 |  37.5
       D:11 |    3526 |     602 |  14.6 |      26 |      32 |  55.2
     Lair:1 |    2746 |       0 |   0.0 |      12 |       0 |   0.0
     Lair:2 |    8945 |      85 |   0.9 |      26 |       1 |   3.7
     Lair:3 |    7817 |       0 |   0.0 |      38 |       0 |   0.0
     Lair:4 |    5222 |    1857 |  26.2 |      19 |       8 |  29.6
     Lair:5 |   10553 |       0 |   0.0 |      31 |       0 |   0.0
     Lair:6 |    7117 |    9991 |  58.4 |      22 |      23 |  51.1
    Swamp:1 |    4251 |       0 |   0.0 |      10 |       0 |   0.0
      Orc:1 |    2335 |       0 |   0.0 |      28 |       0 |   0.0
      Orc:2 |    4683 |    6158 |  56.8 |      19 |      34 |  64.2
    Abyss:2 |    9671 |       0 |   0.0 |      31 |       0 |   0.0
    Ossuary |       0 |     953 | 100.0 |       0 |      33 | 100.0
            +---------+---------+-------+---------+---------+-------
